 Dungeon Crawl Stone Soup version 0.30-a0-424-g7412bad402 (webtiles) character file.

Game seed: 11497987648807859197

187242 scionoferis the Bringer of Law (level 17, -2/158 HPs)
             Began as an Armataur Fighter on Dec 9, 2022.
             Was the Champion of Zin.
             Slain by a ghost moth (8 damage)
             ... on level 4 of the Spider Nest.
             The game lasted 02:59:37 (46595 turns).

scionoferis the Bringer of Law (Armataur Fighter)  Turns: 46595, Time: 02:59:40

Health: -2/158     AC: 22    Str: 31      XL:     17   Next: 87%
Magic:  0/29       EV: 11    Int:  5 (7)  God:    Zin [******]
Gold:   4191       SH:  9    Dex:  8 (9)  Spells: 16/16 levels left

rFire   + + +      SeeInvis .    a - +9 war axe of Wanon {freeze, rElec rPois Will+ Str+2}
rCold   . . .      Faith    .    M - +0 kite shield
rNeg    . . .      Spirit   .    W - +0 swamp dragon scales
rPois   +          Reflect  .    u - +1 hat of Vlad {rF+ Slay+3}
rElec   +          Harm     .    v - +0 cloak
rCorr   +          Roll     +    k - +2 pair of gloves
Will    +++..                    K - +1 barding of Ukuty {Str+3 Dex-4 Slay+4}
Stlth   +.........               m - amulet of the acrobat
HPRegen 0.46/turn                p - +4 ring of evasion
MPRegen 0.21/turn                z - ring of Amufrergh {rF++ Will+ rCorr Int-2 Stlth+}

@: no status effects
A: large, rugged brown scales 3, deformed body, armoured tail, roll, long
tongue, awkward tongue, antennae 1
a: Renounce Religion, Recite, Vitalisation, Imprison, Sanctuary, Donate Gold


You were on level 4 of the Spider Nest.
You worshipped Zin.
Zin was exalted by your worship.
You visited 5 branches of the dungeon, and saw 27 of its levels.
You also visited: Bailey and Ice Cave.

You collected 4558 gold pieces.
You spent 130 gold pieces at shops.
You donated 237 gold pieces to Zin.


Innate Abilities, Weirdness & Mutations

You are completely covered in rugged brown scales. (AC +3, +7% HP)
Armour fits poorly on your strangely shaped body.
You have a long armoured tail.
You roll when moving toward enemies. (Rampage)
Your long tongue fully drains potion bottles. (2x potion effects)
Your tongue gives you trouble enunciating. (1.5x scroll delay)
You have a pair of small antennae on your head.


   Skills:
 + Level 12.4 Fighting
 * Level 2.4(8.6) Axes
 - Level 14.0(14.1) Maces & Flails
 * Level 11.9 Throwing
 + Level 10.9 Armour
 + Level 7.8 Dodging
 - Level 8.0 Shields
 + Level 17.6 Invocations
 - Level 6.0 Evocations


You had 16 spell levels left.
You didn't know any spells.
Your spell library contained the following spells:

 Spells                   Type           Power      Damage    Failure   Level
 Magic Dart               Conj           0%         1d3       80%         1
 Slow                     Hex            0%         N/A       80%         1
 Call Imp                 Summ           0%         N/A       91%         2
 Ensorcelled Hibernation  Hex/Ice        0%         N/A       91%         2
 Sublimation of Blood     Necr           0%         N/A       91%         2
 Confusing Touch          Hex            0%         N/A       99%         3
 Gell's Gravitas          Tloc           0%         N/A       99%         3
 Ignite Poison            Fire/Tmut/Pois 0%         N/A       99%         3
 Inner Flame              Hex/Fire       0%         N/A       99%         3
 Kindle Blastsparks       Fire/Tloc/Air  0%         2d10      99%         3
 Lesser Beckoning         Tloc           0%         N/A       99%         3
 Mephitic Cloud           Conj/Pois/Air  0%         N/A       99%         3
 Ozocubu's Armour         Ice            0%         N/A       99%         3
 Spider Form              Tmut/Pois      0%         N/A       99%         3
 Teleport Other           Tloc           0%         N/A       99%         3
 Vampiric Draining        Necr           0%         2d6       99%         3
 Anguish                  Hex/Necr       0%         N/A       100%        4
 Cause Fear               Hex            0%         N/A       100%        4
 Fulminant Prism          Conj/Hex       0%         3d5       100%        4
 Iskenderun's Mystic Bla  Conj/Tloc      0%         2d3       100%        4
 Leda's Liquefaction      Hex/Erth       0%         N/A       100%        4
 Petrify                  Tmut/Erth      0%         N/A       100%        4
 Freezing Cloud           Conj/Ice/Air   0%         6-21      100%        5
 Irradiate                Conj/Tmut      0%         3d11      100%        5
 Lee's Rapid Deconstruct  Erth           0%         3d4*      100%        5
 Metabolic Englaciation   Hex/Ice        0%         N/A       100%        5
 Statue Form              Tmut/Erth      0%         N/A       100%        6
 Ozocubu's Refrigeration  Ice            0%         4d7       100%        7
 Discord                  Hex            0%         N/A       100%        8
 Ignition                 Fire           0%         3d3       100%        8
 Polar Vortex             Ice            0%         N/A       100%        9

Inventory:

Hand Weapons
 a - the +9 war axe of Wanon (weapon) {freeze, rElec rPois Will+ Str+2}
   (You found it on level 4 of the Spider Nest)

   It freezes those it strikes, dealing additional cold damage.
   It can also slow down cold-blooded creatures.
   Str:       It affects your strength (+2).
   rElec:     It insulates you from electricity.
   rPois:     It protects you from poison.
   Will:      It increases your willpower.
 b - a +1 whip of electrocution
   (You took it off an ogre mage on level 2 of the Orcish Mines)
 h - a +0 mace of holy wrath
   (You found it on level 13 of the Dungeon)
 X - a +1 flail of protection
   (You took it off an orc on level 1 of the Orcish Mines)
Missiles
 c - 4 javelins
 G - 34 boomerangs
 Z - 22 poisoned darts (quivered)
Armour
 k - a +2 pair of gloves (worn)
   (You found it on level 4 of the Spider Nest)
 s - a +2 leather armour of resistance
   (You found it in an ice cave)
 u - the +1 hat of Vlad (worn) {rF+ Slay+3}
   (You found it in an ice cave)

   Slay:      It affects your accuracy & damage with ranged weapons and melee
   (+3).
   rF:        It protects you from fire.
 v - a +0 cloak (worn)
   (You found it on level 5 of the Dungeon)
 K - the +1 barding of Ukuty (worn) {Str+3 Dex-4 Slay+4}
   (You acquired it on level 8 of the Dungeon)

   Str:       It affects your strength (+3).
   Dex:       It affects your dexterity (-4).
   Slay:      It affects your accuracy & damage with ranged weapons and melee
   (+4).
 M - a +0 kite shield (worn)
   (You took it off a gnoll sergeant on level 8 of the Dungeon)
 W - +0 swamp dragon scales (worn)
   (You took it off Maggie on level 9 of the Dungeon)
Jewellery
 m - an amulet of the acrobat (around neck)
   (You found it on level 15 of the Dungeon)
 p - a +4 ring of evasion (left hand)
   (You found it on level 3 of the Dungeon)
 y - a ring of ice
   (You found it on level 15 of the Dungeon)
 z - the ring of Amufrergh (right hand) {rF++ Will+ rCorr Int-2 Stlth+}
   (You found it in an ice cave)

   [ring of willpower]

   Int:       It affects your intelligence (-2).
   rF:        It greatly protects you from fire.
   rCorr:     It protects you from acid and corrosion.
   Will:      It increases your willpower.
   Stlth:     It makes you more stealthy.
 B - a +4 ring of protection
   (You found it on level 6 of the Dungeon)
 R - a ring of willpower
   (You found it on level 3 of the Lair of Beasts)
Wands
 j - a wand of mindburst (4)
   (You found it in an ice cave)
 w - a wand of flame (7)
   (You found it on level 2 of the Spider Nest)
 E - a wand of charming (15)
   (You found it on level 7 of the Dungeon)
 Q - a wand of roots (5)
   (You found it on level 8 of the Dungeon)
 U - a wand of digging (12)
   (You found it on level 9 of the Dungeon)
 Y - a wand of acid (7)
   (You found it on level 10 of the Dungeon)
Scrolls
 f - 4 scrolls of teleportation
 l - 5 scrolls of butterflies
 o - a scroll of summoning
 q - 9 scrolls of immolation
 t - 8 scrolls of magic mapping
 F - 5 scrolls of vulnerability
 I - 3 scrolls of enchant armour {unknown}
 J - 4 scrolls of fear
 L - 4 scrolls of enchant weapon {unknown}
 O - 3 scrolls of poison {unknown}
 P - 3 scrolls of blinking
 V - 3 scrolls of silence
Potions
 d - 9 potions of might
 e - a potion of mutation
 g - 2 potions of flight
 i - 9 potions of curing
 n - 5 potions of haste
 r - 2 potions of heal wounds
 D - 2 potions of resistance
 H - 3 potions of invisibility

Dungeon Overview and Level Annotations

Branches:
Dungeon (15/15)            Temple (1/1) D:5            Lair (5/5) D:11
 Shoals (0/4) Lair:2       Spider (4/4) Lair:3        Slime (0/5) Lair:4
    Orc (2/2) D:9             Elf (0/3) Orc:2        Vaults (0/5) D:14
 Depths (0/4) D:15         Bailey (visited)           IceCv (visited)

Altars:
Ashenzari
Cheibriados
Dithmenos
Elyvilon
Fedhas
Gozag
Hepliaklqana
Kikubaaqudgha
Makhleb
Nemelex Xobeh
Okawaru
Qazlal
Ru
Sif Muna
Trog
Uskayaw
Vehumet
Wu Jian
Xom
Yredelemnul
Zin
The Shining One
Jiyva

Shops:
D:3 !   D:15 =   Orc:1 [   Orc:2 ![![

Annotations:
Orc:1 3 runed translucent doors, Lahuafud's ghost, journeyman OpVM

##### ### ###~~.#
##~~#######....~#####
.(.~~~#~~^.~..††.†..###
.~~~~..~##~.##†.B..~#
##(^..# #.~##~.#~.^.
#~.(.# #~^.#####~..
#~{††# ##.. #~.. ##).@##
#''# ##^~ ##~.~## y##y
### #~.~#### s y #
#~.~#..# ###^.~~~.# ##
##~^.~~~~.############ #^
#~..~##..###~^~.##~.~###^
#~...#####~~....~~...^.##
##†.~# ###^.~#~........~#


There were no monsters in sight!


Message History

Zin accepts your kill.
You start resting.
A wolf spider is nearby!
The wolf spider's many legs skitter.
You roll towards the wolf spider!
You whack the wolf spider!
The wolf spider is lightly wounded.
You block the wolf spider's attack.
The wolf spider bites you but does no damage.
You whack the wolf spider! You tail-slap the wolf spider!
The wolf spider is heavily wounded.
The wolf spider hits you.
The wolf spider bites you but does no damage.
You whack the wolf spider!
The wolf spider is severely wounded.
You block the wolf spider's attack.
The wolf spider bites you but does no damage.
You whack the wolf spider!
The wolf spider is almost dead.
The wolf spider hits you but does no damage.
The wolf spider bites you but does no damage.
You barely miss the wolf spider.
The wolf spider is almost dead.
You block the wolf spider's attack. x2
You whack the wolf spider!
You kill the wolf spider!
There is a stone staircase leading up, spattered with blood here.
You start resting.
Your magical contamination has completely faded away.
You start resting.
A jumping spider is nearby!
Throw: 22 darts (poison)
Press: ? - help, Q - select action, (/) - cycle Shift-Dir - straight line, f - jumping spider
Aim: a jumping spider (wandering, hasn't noticed you, 68% to hit)
You throw a poisoned dart.
The poisoned dart closely misses the jumping spider.
The jumping spider's many legs skitter faintly.
You hear a shout!
Throw: 21 darts (poison)
Press: ? - help, Q - select action, (/) - cycle Shift-Dir - straight line, f/p - jumping spider
Aim: a jumping spider (68% to hit)
You throw a poisoned dart.
The poisoned dart hits the jumping spider.
Unknown command.
Throw: 20 darts (poison)
Press: ? - help, Q - select action, (/) - cycle Shift-Dir - straight line, f - entropy weaver, p - jumping spider
Aim: an entropy weaver (65% to hit)
You throw a poisoned dart.
The poisoned dart closely misses the entropy weaver.
The jumping spider leaps!
Throw: 19 darts (poison)
Press: ? - help, Q - select action, (/) - cycle Shift-Dir - straight line, f/p - entropy weaver
Aim: an entropy weaver (65% to hit)
You throw a poisoned dart.
The poisoned dart hits the jumping spider!!
The jumping spider looks as sick as possible!
The jumping spider leaps!
The jumping spider pounces on you.
You are caught in a web!
The jumping spider bites you but does no damage.
The jumping spider leaps!
Throw: 18 darts (poison)
Press: ? - help, Q - select action, (/) - cycle Shift-Dir - straight line, f/p - entropy weaver
Aim: an entropy weaver (65% to hit)
You throw a poisoned dart.
The poisoned dart closely misses the entropy weaver.
The poisoned dart closely misses the redback.
The jumping spider leaps!
You block the jumping spider's attack.
The jumping spider bites you but does no damage.
You block the entropy weaver's attack. x2; The entropy weaver hits you!
The entropy weaver hits you.
The jumping spider pounces on you but does no damage.
The jumping spider bites you but does no damage.
You climb upwards.
There is a stone staircase leading down, spattered with blood here.
You whack the entropy weaver!
The entropy weaver is lightly wounded.
You kill the jumping spider!
The entropy weaver closely misses you.
You block the entropy weaver's attack. x2
The entropy weaver hits you but does no damage.
You whack the entropy weaver!
The entropy weaver is moderately wounded.
The entropy weaver hits you but does no damage.
The entropy weaver closely misses you.
You block the entropy weaver's attack. x2
You hit the entropy weaver.
Your tail-slap misses the entropy weaver.
The entropy weaver is moderately wounded.
You barely miss the entropy weaver.
Your tail-slap misses the entropy weaver.
The entropy weaver is moderately wounded.
You block the entropy weaver's attack. The entropy weaver misses you.
The entropy weaver hits you but does no damage.
The entropy weaver barely misses you.
You closely miss the entropy weaver.
Your tail-slap misses the entropy weaver.
The entropy weaver is moderately wounded.
The entropy weaver hits you but does no damage. x3
The entropy weaver barely misses you.
You whack the entropy weaver!
The entropy weaver is heavily wounded.
You hit the entropy weaver.
Your tail-slap misses the entropy weaver.
The entropy weaver is heavily wounded.
The entropy weaver closely misses you. The entropy weaver hits you.
The entropy weaver hits you but does no damage.
The entropy weaver misses you.
You hit the entropy weaver but do no damage.
The entropy weaver is heavily wounded.
You block the entropy weaver's attack.
The entropy weaver hits you but does no damage.
You block the entropy weaver's attack. x2
You whack the entropy weaver!
Lightning courses through the entropy weaver!
The entropy weaver is almost dead.
You whack the entropy weaver!
The entropy weaver is almost dead.
You block the entropy weaver's attack.
The entropy weaver hits you but does no damage.
You block the entropy weaver's attack.
The entropy weaver hits you but does no damage.
You barely miss the entropy weaver. You tail-slap the entropy weaver.
You kill the entropy weaver!
You start resting.
HP restored.
You climb downwards.
The redback completely misses you.
The redback bites you but does no damage.
There is a stone staircase leading up, spattered with blood here.
You closely miss the redback. The redback closely misses you.
You barely miss the redback.
Your tail-slap misses the redback.
You block the redback's attack.
You whack the redback!
Your tail-slap misses the redback.
The redback is moderately wounded.
The redback bites you but does no damage.
You barely miss the redback.
The redback is moderately wounded.
You whack the redback! Lightning courses through the redback!
You kill the redback!
No target in view!
Z - 18 poisoned darts (gained 1)
Z - 19 poisoned darts (gained 1)
Z - 20 poisoned darts (gained 1)
Z - 21 poisoned darts (gained 1)
Z - 22 poisoned darts (gained 1)
Z - 23 poisoned darts (gained 1)
You are caught in the web!
Z - 24 poisoned darts (gained 1)
There is a web, spattered with blood here.
You disentangle yourself.
The orb spider pulsates with a strange energy.
Throw: 24 darts (poison)
Press: ? - help, Q - select action, (/) - cycle Shift-Dir - straight line, f - orb spider
Aim: an orb spider (fully charged, 73% to hit)
You throw a poisoned dart. The poisoned dart hits the orb spider!
The orb spider is poisoned.
The orb spider weaves a glowing orb of energy.
An orb of destruction comes into view.
Unknown command.
You block the orb of destruction.
The orb of destruction dissipates.
Throw: 23 darts (poison)
Press: ? - help, Q - select action, (/) - cycle Shift-Dir - straight line, f/p - orb spider
Aim: an orb spider (moderately wounded, very poisoned, 73% to hit)
You throw a poisoned dart. The poisoned dart hits the orb spider!
The orb spider looks as sick as possible!
The orb spider is moderately wounded.
Throw: 22 darts (poison)
Press: ? - help, Q - select action, (/) - cycle Shift-Dir - straight line, f/p - orb spider
Aim: an orb spider (heavily wounded, extremely poisoned, 73% to hit)
You throw a poisoned dart.
The poisoned dart completely misses the orb spider.
Unknown command.
Throw: 21 darts (poison)
Press: ? - help, Q - select action, (/) - cycle Shift-Dir - straight line, f/p - orb spider
Aim: an orb spider (heavily wounded, extremely poisoned, 73% to hit)
You throw a poisoned dart.
The poisoned dart barely misses the orb spider.
The orb spider spins a strand of pure energy.
Throw: 20 darts (poison)
Press: ? - help, Q - select action, (/) - cycle Shift-Dir - straight line, f/p - orb spider
Aim: an orb spider (severely wounded, fully charged, extremely poisoned, 73% to hit)
You throw a poisoned dart. The poisoned dart hits the orb spider!!
The orb spider looks as sick as possible!
The orb spider is severely wounded.
The orb spider weaves a glowing orb of energy.
An orb of destruction comes into view.
The orb spider spins a strand of pure energy.
The orb of destruction moves out of view.
You kill the orb spider!
Z - 20 poisoned darts (gained 1)
Z - 21 poisoned darts (gained 1)
You are caught in the web!
Z - 22 poisoned darts (gained 1)
There is a web here.
Things that are here:
a +0 leather armour; a +0 hand axe You struggle to detach yourself from the web.
You disentangle yourself.
Z - 23 poisoned darts (gained 1)
You are caught in the web!
Z - 24 poisoned darts (gained 1)
There is a web here.
You disentangle yourself.
There is a huge open gate here.
There is a huge open gate here.
Z - 25 poisoned darts (gained 1)
You enter the shallow water.
Z - 26 poisoned darts (gained 1)
You enter the shallow water.
Z - 27 poisoned darts (gained 1)
You see here a +0 chain mail. 2 hornets come into view.
Found a potion of cancellation.
The hornet buzzes angrily. x2; You hear an angry buzzing noise. x3
A hornet comes into view.
A spark wasp comes into view.
The hornet moves out of view. x3 2 spark wasps come into view.
An emperor scorpion comes into view.
The spark wasp moves out of view.
Your +1 whip of electrocution stops crackling.
You feel stronger.
The +9 war axe of Wanon {freeze, rElec rPois Will+ Str+2} glows with a cold blue light!
w - the +9 war axe of Wanon (weapon)
{freeze, rElec rPois Will+ Str+2} You enter the shallow water.
The spark wasp bursts into living lightning!
The living lightning hits you! You resist.
The spark wasp blinks!
You hit the spark wasp. You freeze the spark wasp.
The spark wasp is lightly wounded.
You block the spark wasp's attack. The spark wasp stings you!
The spark wasp shocks you. You resist.
As you slowly read the scroll of summoning, it crumbles to dust.
Wisps of shadow whirl around you...
Your culicivora dissolves into shadows! x2
The spark wasp stings you!! The spark wasp shocks you. You resist.
The spark wasp stings you but does no damage.
You slash the spark wasp! You freeze the spark wasp.
The spark wasp is lightly wounded.
The spark wasp barely misses you.
Your redback bites the emperor scorpion.
Your redback bites the spark wasp but does no damage.
Your sun moth throws sticky fire at the spark wasp.
The sticky flame misses the spark wasp.
The emperor scorpion stings your redback.
The emperor scorpion claws your redback. x2
The spark wasp stings you! The spark wasp shocks you. You resist.
The hornet barely misses your redback.
You slash the spark wasp! You freeze the spark wasp.
The spark wasp is heavily wounded.
Your redback bites the emperor scorpion.
The emperor scorpion looks as sick as possible!
Your redback poisons the emperor scorpion!
Your redback bites the spark wasp.
Your redback splashes around in the water.
Your redback bites the spark wasp.
The spark wasp stings you. The spark wasp shocks you. You resist.
The hornet stings your redback!
Your redback seems to slow down.
The emperor scorpion stings your redback!!
Your redback dies!
Your redback's corpse dissolves into shadows!
Your sun moth barely misses the spark wasp.
Your redback bites the emperor scorpion but does no damage.
Your redback closely misses the spark wasp.
Your redback bites the spark wasp!
The spark wasp completely misses you.
You closely miss the spark wasp.
The spark wasp is almost dead.
The hornet stings your redback.
Your redback suddenly stops moving!
Your redback splashes around in the water.
Your sun moth bites the spark wasp.
Your redback closely misses the spark wasp.
Your entropy weaver points at the spark wasp and mumbles some strange words.
The entropic weave corrodes the spark wasp!
Your redback bites the spark wasp.
The emperor scorpion stings your redback!
The emperor scorpion claws your redback! x2
The spark wasp stings your sun moth!! The spark wasp shocks your sun moth.
Your sun moth resists.
The hornet stings your redback.
Your redback dies!
Your redback's corpse dissolves into shadows!
Your redback bites the emperor scorpion.
The emperor scorpion looks as sick as possible!
Your redback poisons the emperor scorpion!
Your sun moth bites the spark wasp!!
The spark wasp dies!
The emperor scorpion closely misses your redback. x2
The emperor scorpion claws your redback!
Your entropy weaver hits the hornet!
Your entropy weaver hits the hornet. x3
Okay, then.
Throw: 27 darts (poison)
Press: ? - help, Q - select action, (/) - cycle Shift-Dir - straight line You throw a poisoned dart.
The poisoned dart closely misses the hornet.
The hornet closely misses your entropy weaver.
Your redback completely misses the emperor scorpion.
Your redback closely misses the hornet.
The emperor scorpion stings your redback!
Your redback looks as sick as possible!
The emperor scorpion poisons your redback!
The emperor scorpion claws your redback. x2
Your redback dies!
Your redback's corpse dissolves into shadows!
Your entropy weaver hits the hornet!
Your entropy weaver hits the hornet but does no damage. x2
Your entropy weaver barely misses the hornet.
Throw: 26 darts (poison)
Press: ? - help, Q - select action, (/) - cycle Shift-Dir - straight line You throw a poisoned dart.
The poisoned dart hits the hornet!
The hornet is poisoned.
The hornet is severely wounded.
Your redback bites the emperor scorpion but does no damage.
Your redback bites the hornet.
The hornet looks as sick as possible!
Your redback poisons the hornet!
Your redback bites the hornet!
The hornet dies!
Your entropy weaver casts a spell at the emperor scorpion.
The entropic weave corrodes the emperor scorpion!
The hornet stings your redback!
Your redback is poisoned.
Your redback seems to slow down.
You swap places.
Your redback bites the hornet!
The hornet looks as sick as possible!
Your redback poisons the hornet!
Your redback bites the emperor scorpion!
The hornet stings your redback!
Your redback dies!
Your redback's corpse dissolves into shadows!
Your sun moth bites the emperor scorpion!!
The emperor scorpion stings your sun moth!
The emperor scorpion claws your sun moth! x2
Your redback bites the emperor scorpion!
Your redback bites the emperor scorpion!
The hornet stings your entropy weaver.
Your entropy weaver seems to slow down.
Your redback barely misses the emperor scorpion.
Your sun moth bites the emperor scorpion!!
Your entropy weaver hits the emperor scorpion but does no damage.
Your entropy weaver hits the emperor scorpion.
Your entropy weaver hits the emperor scorpion but does no damage.
Your entropy weaver hits the emperor scorpion!
The emperor scorpion dies!
The hornet stings your redback.
Your redback is poisoned.
Your redback suddenly stops moving!
The hornet dies!
You swap places.
An emperor scorpion comes into view.
Your redback cannot move out of your way!
Unknown command.
You swap places.
Your redback is no longer paralysed.
What are your orders? t - Shout!
Orders for allies: a - Attack new target. r - Retreat! s - Stop attacking. g - Guard the area. f - Follow me.
Anything else - Cancel.
Gang up on whom?
Press: ? - help, Dir - move target, f - emperor scorpion
Aim: an emperor scorpion (ally target) Attack!
Your entropy weaver is no longer moving slowly.
A hornet comes into view.
Your redback bites the emperor scorpion but does no damage.
The emperor scorpion stings your redback!
Your redback dies!
Your redback's corpse dissolves into shadows!
Your entropy weaver points at the emperor scorpion and mumbles some strange words.
The entropic weave corrodes the emperor scorpion!
Your redback misses the hornet.
Your sun moth throws sticky fire at the emperor scorpion.
The sticky flame misses the emperor scorpion.
Your redback bites the emperor scorpion but does no damage.
Your redback bites the emperor scorpion!
The emperor scorpion closely misses your sun moth.
The emperor scorpion claws your sun moth. x2
Your sun moth completely misses the emperor scorpion.
You swap places.
The hornet completely misses your redback.
Your redback bites the hornet!
The hornet looks as sick as possible!
Your redback poisons the hornet!
The emperor scorpion completely misses you.
The emperor scorpion claws you but does no damage.
You block the emperor scorpion's attack.
The hornet stings your redback!
Your redback seems to slow down.
Your redback bites the emperor scorpion.
The emperor scorpion looks as sick as possible!
Your redback poisons the emperor scorpion!
Things that are here:
a poisoned dart; a hornet corpse The hornet misses your redback.
The emperor scorpion stings your entropy weaver.
The emperor scorpion claws your entropy weaver but does no damage.
The emperor scorpion claws your entropy weaver.
Your redback barely misses the hornet.
Your entropy weaver barely misses the emperor scorpion.
Your entropy weaver hits the emperor scorpion but does no damage.
Your entropy weaver hits the emperor scorpion!
Your entropy weaver hits the emperor scorpion.
The hornet dies!
The emperor scorpion stings your entropy weaver but does no damage.
The emperor scorpion barely misses your entropy weaver.
The emperor scorpion misses your entropy weaver.
The hornet stings your redback!
Your redback dies!
Your redback's corpse dissolves into shadows!
Your entropy weaver hits the emperor scorpion but does no damage.
Your entropy weaver hits the emperor scorpion!
Your entropy weaver barely misses the emperor scorpion.
Your entropy weaver hits the emperor scorpion!
The emperor scorpion stings your entropy weaver!
The emperor scorpion barely misses your entropy weaver.
The emperor scorpion claws your entropy weaver.
Your sun moth bites the hornet!!
Your entropy weaver hits the emperor scorpion!
Your entropy weaver hits the emperor scorpion.
Your entropy weaver hits the emperor scorpion!
Your entropy weaver hits the emperor scorpion.
You hear a faint skittering sound.
You slash the hornet! You freeze the hornet.
You kill the hornet!
The emperor scorpion stings your entropy weaver.
The emperor scorpion claws your entropy weaver but does no damage.
The emperor scorpion claws your entropy weaver.
Your entropy weaver hits the emperor scorpion!
Your entropy weaver hits the emperor scorpion.
Your entropy weaver hits the emperor scorpion but does no damage. x2
Your sun moth throws energy at the emperor scorpion.
The bolt of energy hits the emperor scorpion!!!
The emperor scorpion is blown up!
You swap places.
A tarantella comes into view.
What are your orders? t - Shout!
Orders for allies: a - Attack new target. r - Retreat! s - Stop attacking. g - Guard the area. f - Follow me.
Anything else - Cancel.
Gang up on whom?
Press: ? - help, Dir - move target, f - tarantella
Aim: a tarantella Attack!
The tarantella touches your entropy weaver.
The tarantella closely misses your entropy weaver.
Your entropy weaver points at the tarantella and mumbles some strange words.
The entropic weave corrodes the tarantella!
You hear an angry buzzing noise.
Things that are here:
a poisoned dart; a hornet corpse The tarantella touches your entropy weaver.
Your entropy weaver hits the tarantella! x2
Your entropy weaver completely misses the tarantella.
Your entropy weaver hits the tarantella!
The tarantella dies!
Your sun moth completely misses the spark wasp.
What are your orders? t - Shout!
Orders for allies: a - Attack new target. r - Retreat! s - Stop attacking. g - Guard the area. f - Follow me.
Anything else - Cancel.
Gang up on whom?
Press: ? - help, Dir - move target, f - spark wasp
Aim: a spark wasp (ally target, haloed) Attack!
Your entropy weaver hits the spark wasp but does no damage. x3
Your entropy weaver completely misses the spark wasp.
The spark wasp misses your entropy weaver.
Your sun moth throws energy at the spark wasp.
The bolt of energy hits the spark wasp!!!
Your entropy weaver casts a spell at the spark wasp.
The entropic weave corrodes the spark wasp!
You hear an angry buzzing noise.
The spark wasp stings your sun moth! The spark wasp shocks your sun moth.
Your sun moth resists.
Your sun moth bites the spark wasp!
The spark wasp is covered in liquid flames.
The spark wasp is covered in liquid flames!
The spark wasp stings your sun moth!
Your sun moth dies!
Your sun moth's corpse dissolves into sparkling lights!
Your entropy weaver gestures at the spark wasp while chanting.
The spark wasp seems to be corroded for longer.
The spark wasp burns!
Your entropy weaver dissolves into shadows!
You slash the spark wasp! You freeze the spark wasp.
You kill the spark wasp!
A sun moth comes into view.
You see here a spark wasp corpse.
Unknown command.
You're wearing all the rings you can.
Remove which one? (? for menu, Esc to cancel) < or
p - a +4 ring of evasion; > or
B - a +4 ring of protection You remove your +4 ring of protection.
The sun moth throws energy at you. The bolt of energy misses you.
You feel stupid.
z - the ring of Amufrergh (right hand) {rF++ Will+ rCorr Int-2 Stlth+} The sun moth closely misses you.
You slice the sun moth!! You freeze the sun moth.
The sun moth is moderately wounded.
The sun moth throws sticky fire at you. The sticky flame misses you.
You slash the sun moth! You freeze the sun moth.
The sun moth is heavily wounded.
The sun moth bites you.
You are covered in liquid flames.
You are covered in liquid flames!
You slash the sun moth! You freeze the sun moth. You tail-slap the sun moth!
The sun moth is severely wounded.
You are covered in liquid flames!
The sun moth throws energy at you. The bolt of energy hits you!!
The sun moth bites you!
You slurp down every last drop of the 3 potions of heal wounds!
You feel much better. The sun moth throws energy at you.
The bolt of energy hits you!!! You block the spark wasp's attack.
You slash the sun moth! You freeze the sun moth.
The sun moth is almost dead.
You slash the spark wasp! You freeze the spark wasp.
The sun moth throws energy at you.
The bolt of energy hits you but does no damage.
The spark wasp stings you! The spark wasp shocks you. You resist.
The sun moth bites you but does no damage.
You barely miss the spark wasp.
The spark wasp is lightly wounded.
You slash the sun moth! You freeze the sun moth.
You kill the sun moth!
The spark wasp completely misses you. x2
You closely miss the spark wasp.
The spark wasp is lightly wounded.
The spark wasp stings you but does no damage.
You block the spark wasp's attack.
You slash the spark wasp! You freeze the spark wasp.
Your tail-slap misses the spark wasp.
The spark wasp is heavily wounded.
The spark wasp closely misses you. You block the spark wasp's attack.
You barely miss the spark wasp.
The spark wasp is heavily wounded.
You block the spark wasp's attack. x2
You slice the spark wasp!! You freeze the spark wasp!
You kill the spark wasp!
Your base Axes skill increases to level 2!
Z - 26 poisoned darts (gained 1)
You see here a hornet corpse.
You start resting.
There is a strange disturbance nearby!
Zin grants you divine stamina.
You feel you are being watched by something.
You feel your power leaking away.
You feel you are being watched by something.
You feel your power leaking away. Something hits you but does no damage.
Deactivating autopickup; reactivate with Ctrl-A.
Something barely misses you.
Something stings you but does no damage.
Something misses you. Something hits you but does no damage.
Something misses you.
You see here a hornet corpse.
You closely miss something. You block something's attack.
Something hits you but does no damage.
Something stings you but does no damage.
You closely miss something. You tail-slap something!
You feel you are being watched by something.
You feel your power leaking away. Something hits you but does no damage.
Something hits you.
Your divine stamina protects you from intelligence loss.
Something stings you but does no damage.
Something hits you. x2
Your divine stamina protects you from strength loss.
Something stings you!
You closely miss something. Something barely misses you.
You block something's attack. Something stings you.
You slice something!! You freeze something.
You feel you are being watched by something.
You feel your power leaking away. Something hits you but does no damage.
Something barely misses you.
Something stings you but does no damage.
You slice something!! You freeze something. You tail-slap something.
You feel you are being watched by something.
You block something's attack. Something hits you.
Your divine stamina protects you from dexterity loss.
You block something's attack. Something hits you but does no damage.
Something hits you. Something stings you.
You barely miss something.
Your tail-slap misses something.
You feel you are being watched by something.
You feel your power leaking away. Something hits you.
Your divine stamina protects you from dexterity loss.
Something hits you but does no damage.
Something stings you but does no damage.
Something hits you. You block something's attack.
Something stings you but does no damage.
You slice something!!
Reactivating autopickup.
You feel a bit more experienced.
You start resting.
A radroach is nearby!
As you slowly read the scroll of teleportation, it crumbles to dust.
You feel strangely unstable.
You see here a hornet corpse.
Your surroundings suddenly seem different.
You start resting.
Your divine stamina fades away.
You start resting.
Magic restored.
You start resting.
HP restored.
The +9 war axe of Wanon {freeze, rElec rPois Will+ Str+2} stops glowing.
You hear the crackle of electricity.
a - a +1 whip of electrocution (weapon)
There is a huge open gate here.
There is a huge open gate here.
An electric eel comes into view.
Your +1 whip of electrocution stops crackling.
You are now empty-handed.
You feel stronger.
The +9 war axe of Wanon {freeze, rElec rPois Will+ Str+2} glows with a cold blue light!
w - the +9 war axe of Wanon (weapon)
{freeze, rElec rPois Will+ Str+2} Adjust to which letter? (? for menu, Esc to quit)
a - the +9 war axe of Wanon (weapon)
{freeze, rElec rPois Will+ Str+2}
w - a +1 whip of electrocution Adjust to which letter? (? for menu, Esc to quit)
b - a +1 whip of electrocution;
w - a wand of flame (7)
The electric eel shoots out a bolt of lightning at you!
The bolt of electricity hits you but does no damage.
You resist.
The electric eel shoots out a bolt of lightning at you!
The bolt of electricity hits you. You resist.
You roll towards the electric eel!
You slice the electric eel!! You freeze the electric eel.
You kill the electric eel!
You hear a splash.
You enter the shallow water.
An electric eel comes into view.
You see here an electric eel corpse.
The electric eel shoots out a bolt of lightning at you!
The bolt of electricity hits you. You resist.
The bolt of electricity misses you.
A culicivora comes into view.
The electric eel shoots out a bolt of lightning at you!
The bolt of electricity hits you but does no damage.
You resist. The bolt of electricity misses you.
You hear a skittering sound.
A culicivora comes into view.
A broodmother comes into view.
The electric eel shoots out a bolt of lightning at you!
The bolt of electricity hits you. You resist.
The electric eel shoots out a bolt of lightning at you!
The bolt of electricity hits you. You resist.
You hear a faint skittering sound.
The electric eel shoots out a bolt of lightning at you!
The bolt of electricity hits you. You resist.
You enter the shallow water.
You slash the culicivora! You freeze the culicivora!
Your tail-slap misses the culicivora.
The culicivora is severely wounded.
The culicivora bites you!
The culicivora draws strength from your injuries!
The culicivora bites you!
The culicivora draws strength from your injuries!
You slash the culicivora! You freeze the culicivora.
The culicivora is severely wounded.
The culicivora bites you but does no damage.
You slice the culicivora!! You freeze the culicivora.
You kill the culicivora!
Zin accepts your kill.
You start resting.
A radroach is nearby!
There is a huge open gate here.
The culicivora's many legs skitter faintly.
There is a huge open gate here.
There is a stone staircase leading up here.
You block the culicivora's attack. The culicivora closely misses you.
You climb upwards.
There is a stone staircase leading down, spattered with blood here.
You slice the culicivora!! You freeze the culicivora.
You tail-slap the culicivora!
You kill the culicivora!
Zin accepts your kill.
No target in view!
HP restored.
There is a stone staircase leading down, spattered with blood here.
You climb downwards.
There is a stone staircase leading up, spattered with blood here.
Throw: 26 darts (poison)
Press: ? - help, Q - select action, (/) - cycle Shift-Dir - straight line, f - radroach
Aim: a radroach (wandering, hasn't noticed you, 85% to hit)
You throw a poisoned dart. The poisoned dart hits the radroach.
The radroach is poisoned.
Unknown command.
Throw: 25 darts (poison)
Press: ? - help, Q - select action, (/) - cycle Shift-Dir - straight line, f/p - radroach
Aim: a radroach (poisoned, 85% to hit)
You throw a poisoned dart. The poisoned dart hits the radroach!!
The radroach looks as sick as possible!
You see here a potion of attraction.
Throw: 24 darts (poison)
Press: ? - help, Q - select action, (/) - cycle Shift-Dir - straight line, f/p - radroach
Aim: a radroach (lightly wounded, very poisoned, 85% to hit)
You throw a poisoned dart. The poisoned dart hits the radroach.
The radroach looks as sick as possible!
The radroach is lightly wounded.
Throw: 23 darts (poison)
Press: ? - help, Q - select action, (/) - cycle Shift-Dir - straight line, f/p - radroach
Aim: a radroach (moderately wounded, extremely poisoned, 85% to hit)
You throw a poisoned dart. The poisoned dart hits the radroach!
The radroach looks as sick as possible!
The radroach is moderately wounded.
Throw: 35 boomerangs
Press: ? - help, Q - select action, (/) - cycle Shift-Dir - straight line, f/p - radroach
Aim: a radroach (moderately wounded, extremely poisoned, 85% to hit)
You throw a boomerang.
The boomerang barely misses the radroach.
Unknown command.
Throw: 34 boomerangs
Press: ? - help, Q - select action, (/) - cycle Shift-Dir - straight line, f/p - radroach
Aim: a radroach (moderately wounded, extremely poisoned, 85% to hit)
You throw a boomerang. The boomerang hits the radroach!
The radroach is heavily wounded.
Unknown command.
Throw: 34 boomerangs
Press: ? - help, Q - select action, (/) - cycle Shift-Dir - straight line, f/p - radroach
Aim: a radroach (heavily wounded, extremely poisoned, 85% to hit)
You throw a boomerang. The boomerang hits the radroach!
The radroach is severely wounded.
Unknown command.
You hit the radroach. You freeze the radroach. You tail-slap the radroach.
The radroach is almost dead.
The radroach closely misses you. The radroach misses you. x2
The radroach claws you!
You hit the radroach. You freeze the radroach. You tail-slap the radroach!
The radroach is almost dead.
The radroach closely misses you. The radroach barely misses you.
You slash the radroach! You freeze the radroach.
You kill the radroach!
Zin accepts your kill.
HP restored.
You see here a radroach corpse.
Z - 23 poisoned darts (gained 1)
Z - 24 poisoned darts (gained 1)
Z - 26 poisoned darts (gained 2) Throw: 26 darts (poison)
Press: ? - help, Q - select action, (/) - cycle Shift-Dir - straight line, f - culicivora
Aim: a culicivora (wandering, hasn't noticed you, 58% to hit)
You throw a poisoned dart.
The poisoned dart closely misses the culicivora.
The culicivora's many legs skitter faintly.
Throw: 25 darts (poison)
Press: ? - help, Q - select action, (/) - cycle Shift-Dir - straight line, f/p - culicivora
Aim: a culicivora (58% to hit)
You throw a poisoned dart.
The poisoned dart barely misses the culicivora.
Unknown command.
Throw: 24 darts (poison)
Press: ? - help, Q - select action, (/) - cycle Shift-Dir - straight line, f/p - culicivora
Aim: a culicivora (58% to hit)
You throw a poisoned dart. The poisoned dart hits the culicivora!!
The culicivora looks as sick as possible!
Unknown command.
You slice the culicivora!! You freeze the culicivora.
You kill the culicivora!
Zin accepts your kill.
You see here a culicivora corpse.
Z - 24 poisoned darts (gained 1)
There is a huge open gate here.
You slash the broodmother! You freeze the broodmother.
You tail-slap the broodmother!
The broodmother is lightly wounded.
The broodmother summons spiders!
The broodmother bites you!
You open the broodmother like a pillowcase!!!
You freeze the broodmother! You tail-slap the broodmother!
The broodmother is heavily wounded.
You completely miss the tarantella. The tarantella barely misses you.
You block the broodmother's attack.
You slice the broodmother!! You freeze the broodmother.
The broodmother is severely wounded.
You slash the tarantella! You freeze the tarantella!
The tarantella touches you but does no damage.
The broodmother bites you but does no damage.
The orb spider spins a strand of pure energy.
You block the tarantella's attack. The broodmother bites you!
You slash the broodmother! You freeze the broodmother.
You tail-slap the broodmother!
The broodmother is almost dead.
You hit the tarantella. You freeze the tarantella.
You kill the tarantella!
The tarantella's corpse disappears in a puff of smoke!
The broodmother bites you!!
A spider bursts forth from the wound!
You hit the broodmother. You freeze the broodmother.
You tail-slap the broodmother.
You kill the broodmother!
The redback disappears in a puff of smoke!
The orb spider disappears in a puff of smoke!
There is a stone staircase leading up here.
You start resting.
An emperor scorpion comes into view.
Throw: 34 boomerangs
Press: ? - help, Q - select action, (/) - cycle Shift-Dir - straight line, f - emperor scorpion
Aim: an emperor scorpion (wandering, hasn't noticed you, 80% to hit)
You throw a boomerang.
The boomerang closely misses the emperor scorpion.
Unknown command.
Throw: 34 boomerangs
Press: ? - help, Q - select action, (/) - cycle Shift-Dir - straight line, f/p - emperor scorpion
Aim: an emperor scorpion (80% to hit)
You throw a boomerang.
The boomerang hits the emperor scorpion!!
The emperor scorpion is moderately wounded.
Throw: 34 boomerangs
Press: ? - help, Q - select action, (/) - cycle Shift-Dir - straight line, f/p - emperor scorpion
Aim: an emperor scorpion (moderately wounded, 80% to hit)
You throw a boomerang.
The boomerang hits the emperor scorpion!
The emperor scorpion is moderately wounded.
Throw: 34 boomerangs
Press: ? - help, Q - select action, (/) - cycle Shift-Dir - straight line, f/p - emperor scorpion
Aim: an emperor scorpion (moderately wounded, 80% to hit)
You throw a boomerang.
The boomerang barely misses the emperor scorpion.
Unknown command.
Throw: 34 boomerangs
Press: ? - help, Q - select action, (/) - cycle Shift-Dir - straight line, f/p - emperor scorpion
Aim: an emperor scorpion (moderately wounded, 80% to hit)
You throw a boomerang.
The boomerang barely misses the emperor scorpion.
Unknown command.
Throw: 34 boomerangs
Press: ? - help, Q - select action, (/) - cycle Shift-Dir - straight line, f/p - emperor scorpion
Aim: an emperor scorpion (moderately wounded, 80% to hit)
You throw a boomerang.
The boomerang hits the emperor scorpion!!
The emperor scorpion is heavily wounded.
Throw: 34 boomerangs
Press: ? - help, Q - select action, (/) - cycle Shift-Dir - straight line, f/p - emperor scorpion
Aim: an emperor scorpion (heavily wounded, 80% to hit)
You throw a boomerang.
The boomerang closely misses the emperor scorpion.
Unknown command.
You slice the emperor scorpion!! You freeze the emperor scorpion.
The emperor scorpion is severely wounded.
The emperor scorpion stings you but does no damage.
The emperor scorpion misses you.
The emperor scorpion claws you but does no damage.
The emperor scorpion stings you!
You block the emperor scorpion's attack.
The emperor scorpion claws you!
You slash the emperor scorpion! You freeze the emperor scorpion.
The emperor scorpion is severely wounded.
The emperor scorpion closely misses you.
The emperor scorpion claws you.
The emperor scorpion claws you but does no damage.
You hit the emperor scorpion. You freeze the emperor scorpion.
The emperor scorpion is almost dead.
The emperor scorpion stings you but does no damage.
The emperor scorpion barely misses you. The emperor scorpion claws you.
The emperor scorpion stings you!
The emperor scorpion closely misses you. x2
You slice the emperor scorpion!! You freeze the emperor scorpion.
You kill the emperor scorpion!
No target in view!
You start resting.
HP restored.
There is a huge open gate, spattered with blood here.
There is a huge open gate here.
You see here a broodmother corpse.
Z - 25 poisoned darts (gained 1)
The electric eel shoots out a bolt of lightning at you!
The bolt of electricity hits you. You resist. The bolt of electricity hits you.
You resist.
The electric eel shoots out a bolt of lightning at you!
The bolt of electricity misses you.
You roll towards the electric eel!
You slash the electric eel! You freeze the electric eel.
The electric eel is almost dead.
You completely miss the electric eel.
The electric eel is almost dead.
The electric eel shoots out a bolt of lightning at you!
The bolt of electricity hits you but does no damage.
You completely miss the electric eel.
The electric eel is almost dead.
The electric eel shoots out a bolt of lightning at you!
The bolt of electricity hits you. You resist.
You chop the electric eel into pieces!!!
The electric eel seems to slow down.
You freeze the electric eel.
You kill the electric eel!
You hear a splash.
Found a dagger.
You enter the shallow water.
A redback comes into view.
Throw: 25 darts (poison)
Press: ? - help, Q - select action, (/) - cycle Shift-Dir - straight line, f - redback
Aim: a redback (68% to hit)
You throw a poisoned dart.
The poisoned dart closely misses the redback.
A jumping spider comes into view.
You feel you are being watched by something.
You feel your power leaking away.
You feel you are being watched by something.
You feel your power leaking away.
Throw: 24 darts (poison)
Press: ? - help, Q - select action, (/) - cycle Shift-Dir - straight line, f/p - redback
Aim: a redback (68% to hit)
You throw a poisoned dart. The poisoned dart hits the redback.
The redback is poisoned.
The jumping spider's many legs skitter faintly.
Throw: 23 darts (poison)
Press: ? - help, Q - select action, (/) - cycle Shift-Dir - straight line, f/p - redback
Aim: a redback (lightly wounded, poisoned, 68% to hit)
You throw a poisoned dart. The poisoned dart hits the redback!!
The redback looks as sick as possible!
The redback is lightly wounded.
You feel you are being watched by something.
You feel your power leaking away. You block the redback's attack.
You slash the redback! You freeze the redback.
The redback is severely wounded.
You kill the redback!
A wolf spider comes into view.
The wolf spider's many legs skitter.
You hit the jumping spider. You freeze the jumping spider.
You tail-slap the jumping spider!
The jumping spider is heavily wounded.
You feel you are being watched by something.
You feel your power leaking away.
You block the jumping spider's attack. x2
You feel you are being watched by something.
Deactivating autopickup; reactivate with Ctrl-A.
You slash something! You closely miss the jumping spider.
The jumping spider closely misses you. The jumping spider barely misses you.
The jumping spider pounces on you!
You are caught in a web!
The jumping spider closely misses you. Something hits you but does no damage.
Something hits you!
You feel clumsy. Something stings you.
The web tears apart.
You feel you are being watched by something.
Something hits you but does no damage. x2
Something stings you but does no damage.
You slash something! You freeze something. You tail-slap something.
You hit the wolf spider. You freeze the wolf spider.
You slice the jumping spider!! You freeze the jumping spider.
You kill the jumping spider!
You feel you are being watched by something.
Something hits you but does no damage. x2; Something stings you!
The wolf spider hits you but does no damage.
The wolf spider bites you!
Something hits you but does no damage. x2
Something stings you!
You barely miss something. You hit the wolf spider. You freeze the wolf spider.
The wolf spider closely misses you. The wolf spider completely misses you.
The wolf spider barely misses you. x2
You feel you are being watched by something.
You feel your power leaking away.
Something hits you but does no damage. x2; Something stings you.
You slash something! You slash the wolf spider! You freeze the wolf spider.
The wolf spider hits you!
The wolf spider bites you but does no damage.
Something hits you! Something hits you but does no damage.
Something stings you but does no damage.
The wolf spider completely misses you. The wolf spider bites you!
Unknown command.
You hit something but do no damage. You closely miss the wolf spider.
You feel you are being watched by something.
Something hits you but does no damage. x2
Something stings you but does no damage.
You block the wolf spider's attack. The wolf spider bites you.
You feel you are being watched by something.
Something hits you. Something hits you but does no damage.
Something stings you but does no damage.
You closely miss something. You hit the wolf spider.
You freeze the wolf spider.
The wolf spider hits you but does no damage.
The wolf spider bites you. You block the wolf spider's attack.
The wolf spider bites you but does no damage.
You feel you are being watched by something.
Something hits you! Something hits you but does no damage.
Something stings you.
You barely miss something. You slash the wolf spider!
You freeze the wolf spider. You block the wolf spider's attack.
The wolf spider bites you but does no damage.
Something hits you but does no damage. x2; Something completely misses you.
The wolf spider hits you. The wolf spider bites you!
* * * LOW HITPOINT WARNING * * *
Unknown command.
You closely miss something. You slash the wolf spider!
You freeze the wolf spider.
You kill the wolf spider!
You feel you are being watched by something.
You feel your power leaking away. You block something's attack.
Something hits you!
* * * LOW HITPOINT WARNING * * *
Something stings you but does no damage.
You feel you are being watched by something.
Something barely misses you. Something hits you but does no damage.
Something completely misses you.
You closely miss something.
Your tail-slap misses something.
Something hits you!
* * * LOW HITPOINT WARNING * * *
Something hits you but does no damage.
Something stings you but does no damage.
You closely miss something. You tail-slap something!! Something hits you!
* * * LOW HITPOINT WARNING * * *
You feel dopey. Something hits you but does no damage. Something stings you!
* * * LOW HITPOINT WARNING * * *
You feel dopey. Something hits you!
You die...

Skill      XL: |  1  2  3  4  5  6  7  8  9 10 11 12 13 14 15 16 17 |
---------------+----------------------------------------------------+-----
Maces & Flails | 2 3 4 5 7 8 9 10 11 12 13 14 | 14.0
Fighting       | 3 4 5 6 7 8 9 10 11 12 | 12.4
Armour         | 4 5 7 8 10 | 10.9
Shields        | 4 6 7 8 |  8.0
Invocations    | 1 5 6 8 10 11 12 14 15 16 17 | 17.6
Evocations     | 3 5 6 |  6.0
Throwing       | 2 4 5 8 10 11 | 11.9
Dodging        | 1 3 4 5 7 |  7.8
Axes           | 2 |  2.4

Action                   |  1- 3 |  4- 6 |  7- 9 | 10-12 | 13-15 | 16-18 || total
-------------------------+-------+-------+-------+-------+-------+-------++-------
Melee: Flail             |   119 |   153 |   395 |       |       |   173 ||   840
       Tailslap          |    12 |    23 |    71 |   157 |   342 |   294 ||   899
       Whip              |       |       |    51 |   875 |   116 |  1127 ||  2169
       Mace              |       |       |       |       |  1548 |    39 ||  1587
       War axe           |       |       |       |       |       |    56 ||    56
Throw: Dart              |       |       |     8 |    50 |    34 |   198 ||   290
       Throwing net      |       |       |       |     3 |       |     2 ||     5
       Boomerang         |       |       |       |       |    62 |    35 ||    97
       Javelin           |       |       |       |       |    27 |     3 ||    30
Invok: Recite            |       |       |       |    17 |    11 |    13 ||    41
       Vitalisation      |       |       |       |     4 |     9 |    11 ||    24
       Sanctuary         |       |       |       |       |       |     1 ||     1
Evoke: Wand              |       |       |       |     3 |     8 |    21 ||    32
  Use: Scroll            |       |     5 |     6 |     9 |     5 |    15 ||    40
       Potion            |       |       |     1 |     2 |     4 |    18 ||    25
 Stab: Paralysed         |       |       |       |       |     5 |     7 ||    12
       Confused          |       |       |       |       |     2 |     9 ||    11
       Distracted        |       |       |       |       |     1 |       ||     1
       Held in net/web   |       |       |       |       |       |     1 ||     1
Armor: Scale mail        |    60 |    31 |       |       |       |       ||    91
       Chain mail        |       |    35 |   191 |     7 |    34 |       ||   267
       Plate armour      |       |       |    19 |    77 |       |       ||    96
       Swamp dragon scal |       |       |       |   184 |   578 |   840 ||  1602
       Robe              |       |       |       |       |    17 |       ||    17
Dodge: Dodged            |    35 |    69 |   163 |   166 |   456 |   740 ||  1629
Block: Buckler           |    17 |    36 |    94 |       |       |       ||   147
       Kite shield       |       |       |    12 |   222 |   499 |   681 ||  1414

Levels and vault maps discovered:
D:1:      ldierk_walled_garden, layout_loops_ring
D:2:      layout_rooms
D:3:      layout_loops_ring, nicolae_qazlal_style_of_elements, serial_shops,
          nicolae_shop_advertising_works [nicolae_subvault_shop_adworks]
D:4:      layout_loops_ring, general_overflow_altar, minivault_11
D:5:      layout_gridville, grunt_gozag_statues,
          minmay_temple_entry_from_below_a, minmay_misc_feat_roman,
          item_on_display_a
D:6:      layout_layer_cave, dk_vineyard_2, minmay_crossroads
D:7:      layout_layer_cave
D:8:      layout_rooms, overflow_temple_1_default, kennysheep_mini,
          lightli_bailey_entry_fortress, wad_floor_pattern_untrapped,
          grunt_livestock, minmay_quadrilaterals
D:9:      layout_small_grid, erik_orc_1, minmay_sticks_and_stones, uniq_maggie,
          uniq_joseph, uniq_erica
D:10:     layout_roguey
D:11:     fort_yaktaur, layout_gridville, hellmonk_lair_entry_icy,
          kiku_gazebo_pond_becter
D:12:     layout_basic
D:13:     layout_roguey, evilmike_butchery
D:14:     layout_rooms, david_vaults_1, minmay_strange_pillars
D:15:     gammafunk_enter_depths_forms, layout_stronghold, serial_shops, shop,
          hangedman_decor_clover_reticule, uniq_jorgrun
Temple:   hellmonk_temple_divided_pantheon
Lair:1:   layout_cave_pods, gammafunk_ghost_ooze
Lair:2:   layout_loops_ring, minmay_shoals_entry_lonely_mermaid,
          chequers_serial_rivers_room_a, dreamdust_gnoll_shepherd
Lair:3:   layout_misc_corridors, spider_nest_entry_webs
Lair:4:   layout_long_grid, slime_entry_1, nicolae_lair_run_with_the_wolves,
          infiniplex_staircase_pool, uniq_rupert
Lair:5:   hangedman_lair_tendril_chambers, layout_loops_ring,
          chequers_serial_rivers_room_a, eino_house_with_fridge,
          grunt_megastairs_5
Spider:1: layout_spider_delve, hive_lemuel
Spider:2: layout_spider_delve, beargit_elvish_explorers
Spider:3: layout_spider_delve, drop_trap
Spider:4: spider_rune_water, uniq_agnes
Orc:1:    layout_caves, basic_altar, serial_shops, nicolae_diamond_shop,
          gammafunk_ghost_necromancy, portal_ice_cave_entry_ice_simulacra
Orc:2:    st_orc_ogre_mass, layout_caves, uniq_nessos

Notes
Turn   | Place    | Note
-------+----------+-------------------------------------------
     0 | D:1      | scionoferis the Armataur Fighter began the quest for the
                  | Orb.
     0 | D:1      | Reached XP level 1. HP: 19/19 MP: 1/1
    42 | D:1      | Reached skill level 2 in Maces & Flails
    75 | D:1      | Reached XP level 2. HP: 26/26 MP: 2/2
   493 | D:1      | Reached XP level 3. HP: 32/32 MP: 3/3
   698 | D:2      | Reached skill level 3 in Fighting
   698 | D:2      | Reached skill level 4 in Armour
  1263 | D:3      | Reached XP level 4. HP: 40/40 MP: 4/4
  1283 | D:3      | Reached skill level 3 in Maces & Flails
  1283 | D:3      | Reached skill level 4 in Shields
  1403 | D:3      | Found Dazxapry's Distillery.
  1420 | D:3      | Bought a potion of curing for 30 gold pieces
  1420 | D:3      | Bought a potion of haste for 100 gold pieces
  1464 | D:3      | Reached XP level 5. HP: 46/48 MP: 5/5
  1488 | D:3      | Noticed a water elemental
  1490 | D:3      | Found a stormy altar of Qazlal.
  1492 | D:3      | Noticed a fire elemental
  1495 | D:3      | Noticed an air elemental
  1941 | D:4      | Reached skill level 4 in Maces & Flails
  2261 | D:4      | Reached XP level 6. HP: 55/55 MP: 6/6
  2289 | D:4      | Reached skill level 4 in Fighting
  2346 | D:4      | Reached skill level 5 in Maces & Flails
  2563 | D:4      | Found an ornate altar of the Wu Jian Council.
  2913 | D:5      | Entered Level 5 of the Dungeon
  3111 | D:5      | Reached XP level 7. HP: 38/64 MP: 7/7
  3274 | D:5      | Found an opulent altar of Gozag.
  3295 | D:5      | Found a staircase to the Ecumenical Temple.
  3601 | D:5      | Reached skill level 6 in Maces & Flails
  4010 | D:5      | Reached skill level 5 in Fighting
  4636 | Temple   | Entered the Ecumenical Temple
  4636 | Temple   | Found a transporter.
  4636 | Temple   | Found a transporter.
  4638 | Temple   | Found a transporter.
  4638 | Temple   | Found a transporter.
  4659 | Temple   | Became a worshipper of Zin the Law-Giver
  4659 | Temple   | Reached * piety under Zin
  4890 | D:6      | Noticed a steam dragon
  4910 | D:6      | Killed a steam dragon
  4911 | D:6      | Reached skill level 7 in Maces & Flails
  4911 | D:6      | Reached skill level 1 in Invocations
  4911 | D:6      | Reached XP level 8. HP: 69/73 MP: 8/8
  5385 | D:6      | Reached ** piety under Zin
  5535 | D:6      | Reached skill level 2 in Invocations
  5806 | D:6      | Gained mutation: You have a pair of small antennae on your
                  | head. [potion of mutation]
  6107 | D:7      | Reached skill level 3 in Invocations
  6827 | D:7      | Reached skill level 6 in Fighting
  6857 | D:7      | Reached skill level 4 in Invocations
  7318 | D:7      | Reached skill level 8 in Maces & Flails
  7338 | D:8      | Noticed a manticore
  7350 | D:8      | Killed a manticore
  7351 | D:8      | Reached skill level 5 in Invocations
  7351 | D:8      | Reached XP level 9. HP: 53/82 MP: 12/12
  7390 | D:8      | Found a flagged portal.
  7462 | Bailey   | Entered a bailey
  7486 | Bailey   | Noticed an orc warlord
  8018 | Bailey   | Found a runed translucent gate.
  8020 | Bailey   | Found a runed translucent gate.
  8022 | Bailey   | Found a runed translucent gate.
  8271 | D:8      | Acquired the +1 barding of Ukuty {Str+3 Dex-4 Slay+4}
  8306 | D:8      | Reached skill level 6 in Invocations
  8327 | D:8      | Found a shimmering altar of Xom.
  8418 | D:8      | Found a shadowy altar of Dithmenos.
  8442 | D:8      | Reached skill level 9 in Maces & Flails
  8517 | D:8      | Reached *** piety under Zin
  8815 | D:8      | Reached skill level 7 in Fighting
  8822 | D:8      | Reached XP level 10. HP: 84/92 MP: 15/15
  8895 | D:8      | Reached skill level 7 in Invocations
  9114 | D:9      | Noticed a two-headed ogre
  9127 | D:9      | Killed a two-headed ogre
  9288 | D:9      | Noticed Maggie
  9288 | D:9      | Noticed Joseph
  9418 | D:9      | Reached skill level 5 in Shields
  9437 | D:9      | Noticed a two-headed ogre
  9447 | D:9      | Killed a two-headed ogre
  9583 | D:9      | Reached skill level 10 in Maces & Flails
  9628 | D:9      | Reached **** piety under Zin
  9650 | D:9      | Reached skill level 8 in Invocations
  9706 | D:9      | Found a staircase to the Orcish Mines.
  9846 | D:9      | Killed Maggie
  9868 | D:9      | Noticed Erica
  9875 | D:9      | Killed Erica
 10264 | D:9      | Noticed a cyclops
 10343 | D:9      | Killed a cyclops
 10344 | D:9      | Reached skill level 6 in Shields
 10344 | D:9      | Reached XP level 11. HP: 100/100 MP: 17/17
 10417 | D:9      | Killed Joseph
 10707 | D:9      | Identified 2 potions of resistance
 10736 | D:10     | Entered Level 10 of the Dungeon
 10769 | D:10     | Reached ***** piety under Zin
 10975 | D:10     | Reached skill level 9 in Invocations
 11080 | D:10     | Reached skill level 8 in Fighting
 11383 | D:10     | Reached skill level 1 in Evocations
 11488 | D:11     | Found an ancient bone altar of Kikubaaqudgha.
 11506 | D:11     | Got the Precepts of Red-Hot Glaciation
 11704 | D:11     | Noticed a two-headed ogre
 11718 | D:11     | Killed a two-headed ogre
 11865 | D:11     | Reached skill level 11 in Maces & Flails
 11998 | D:11     | Reached skill level 2 in Evocations
 12082 | D:11     | Found a staircase to the Lair.
 12429 | D:11     | Reached skill level 7 in Shields
 12564 | D:11     | Reached skill level 10 in Invocations
 12631 | D:11     | Noticed a death yak
 12647 | D:11     | Noticed a death yak
 13100 | D:11     | Reached skill level 3 in Evocations
 13252 | D:11     | Identified the +0 robe of Majestic Satisfaction {+Inv}
 13525 | D:11     | Noticed a minotaur
 13564 | D:11     | Killed a minotaur
 13993 | D:11     | Identified the +7 glaive of Broken Luck {vorpal, rCorr}
 13993 | D:11     | Noticed a minotaur
 14003 | D:11     | Killed a minotaur
 14004 | D:11     | Reached XP level 12. HP: 67/110 MP: 10/19
 14308 | D:11     | Noticed a death yak
 14327 | D:11     | Killed a death yak
 14342 | D:11     | Noticed a death yak
 14529 | D:11     | Killed a death yak
 14543 | D:11     | Killed a death yak
 14719 | D:11     | Killed a death yak
 14720 | D:11     | Reached skill level 4 in Evocations
 14881 | D:11     | Reached skill level 12 in Maces & Flails
 15333 | D:12     | Reached skill level 9 in Fighting
 15361 | D:12     | Reached skill level 8 in Shields
 15361 | D:12     | Reached skill level 11 in Invocations
 15623 | D:12     | Noticed a boulder beetle
 15637 | D:12     | Killed a boulder beetle
 15638 | D:12     | Reached skill level 1 in Throwing
 15736 | D:12     | Reached skill level 1 in Dodging
 15953 | D:12     | Noticed a two-headed ogre
 15961 | D:12     | Killed a two-headed ogre
 16414 | Lair:1   | Entered Level 1 of the Lair of Beasts
 16486 | Lair:1   | You fall into a shaft and drop 1 floor!
 16499 | Lair:2   | Reached skill level 2 in Throwing
 16499 | Lair:2   | Reached skill level 5 in Evocations
 16569 | Lair:1   | Reached skill level 5 in Armour
 17106 | Lair:1   | Noticed a death yak
 17127 | Lair:1   | Noticed a death yak
 17136 | Lair:1   | Killed a death yak
 17145 | Lair:1   | Killed a death yak
 17397 | Lair:1   | Found a runed translucent gate.
 17397 | Lair:1   | Found a runed translucent gate.
 17398 | Lair:1   | Found a runed translucent gate.
 17402 | Lair:1   | Noticed Zuagil's ghost (journeyman DrCj)
 17403 | Lair:1   | Noticed a great orb of eyes
 17415 | Lair:1   | Found a viscous altar of Jiyva.
 17732 | Lair:1   | Reached XP level 13. HP: 118/118 MP: 21/21
 17808 | Lair:2   | Reached skill level 2 in Dodging
 18274 | Lair:2   | Reached skill level 12 in Invocations
 18299 | Lair:2   | Reached ****** piety under Zin
 18390 | Lair:2   | Found a staircase to the Shoals.
 18407 | Lair:2   | Reached skill level 3 in Throwing
 19266 | Lair:2   | Reached skill level 6 in Armour
 19665 | Lair:3   | Reached skill level 6 in Evocations
 19807 | Lair:2   | Reached skill level 3 in Dodging
 20127 | Lair:3   | Found a hole to the Spider Nest.
 20211 | Lair:3   | Identified the +3 dagger "Gram" {protect, rC+ Dex+4}
 20240 | Lair:3   | Reached skill level 4 in Throwing
 20329 | Lair:3   | Reached skill level 10 in Fighting
 20992 | Lair:4   | Reached skill level 7 in Armour
 21015 | Lair:4   | Reached XP level 14. HP: 129/129 MP: 23/23
 21097 | Lair:4   | Reached skill level 13 in Maces & Flails
 21097 | Lair:4   | Reached skill level 13 in Invocations
 21115 | Lair:4   | Noticed Rupert
 21626 | Lair:4   | Killed Rupert
 21859 | Lair:4   | Found a staircase to the Slime Pits.
 22217 | Lair:5   | Entered Level 5 of the Lair of Beasts
 22372 | Lair:5   | Reached skill level 4 in Dodging
 22394 | Lair:5   | Reached skill level 5 in Throwing
 22791 | Lair:5   | Reached skill level 8 in Armour
 23655 | Lair:5   | Reached skill level 14 in Invocations
 23836 | Lair:5   | Reached XP level 15. HP: 136/136 MP: 25/25
 23944 | Lair:5   | Acquired 1186 gold pieces
 25069 | Lair:1   | Killed Zuagil's ghost
 25070 | Lair:1   | Reached skill level 14 in Maces & Flails
 25305 | Orc:1    | Entered Level 1 of the Orcish Mines
 25406 | Orc:1    | Found a frozen archway.
 25468 | IceCv    | Entered an ice cave
 26114 | IceCv    | Reached skill level 6 in Throwing
 26182 | IceCv    | Identified a +2 leather armour of resistance
 26226 | IceCv    | Reached skill level 9 in Armour
 26594 | IceCv    | Identified the +1 hat of Vlad {rF+ Slay+3}
 26613 | IceCv    | Identified the ring of Amufrergh {rF++ Will+ rCorr Int-2
                  | Stlth+}
 27178 | Orc:2    | Entered Level 2 of the Orcish Mines
 27599 | D:13     | Reached skill level 5 in Dodging
 27838 | D:13     | Reached skill level 11 in Fighting
 29058 | D:14     | Found a gate to the Vaults.
 29155 | D:14     | Reached skill level 7 in Throwing
 29611 | D:15     | Entered Level 15 of the Dungeon
 29751 | D:15     | Identified the +9 hand axe of the Endless March {vamp,
                  | Will+ Stlth+}
 30070 | D:15     | Reached skill level 15 in Invocations
 30287 | D:15     | Found a staircase to the Depths.
 30489 | D:15     | Found Heabb's Jewellery Shoppe.
 30610 | D:15     | Reached skill level 10 in Armour
 30857 | D:15     | Noticed Jorgrun
 30893 | D:15     | Killed Jorgrun
 31108 | D:15     | Reached skill level 8 in Throwing
 31303 | D:15     | Reached XP level 16. HP: 128/147 MP: 27/27
 32117 | Orc:1    | Found a shimmering altar of Xom.
 32176 | Orc:1    | Found Cogoynank's Armour Shop.
 32285 | Orc:1    | Found a runed translucent gate.
 32285 | Orc:1    | Found a runed translucent gate.
 32285 | Orc:1    | Found a runed translucent gate.
 32287 | Orc:1    | Noticed Lahuafud's ghost (journeyman OpVM)
 32485 | Orc:2    | Found a staircase to the Elven Halls.
 32542 | Orc:2    | Paralysed by something for 2 turns
 32994 | Orc:2    | Reached skill level 6 in Dodging
 33285 | Orc:2    | Noticed Nessos
 33327 | Orc:2    | Killed Nessos
 33870 | Orc:2    | Reached skill level 9 in Throwing
 33872 | Orc:2    | Found Pywuh's Antique Armour Emporium.
 33872 | Orc:2    | Found Ascher's Distillery.
 33881 | Orc:2    | Found Jozay's Antique Armour Boutique.
 33881 | Orc:2    | Found Ahaveill's Distillery.
 34243 | Spider:1 | Entered Level 1 of the Spider Nest
 34424 | Spider:1 | Identified the +6 trident of Witeal {elec, rPois Will-
                  | Dex+8 Stlth-}
 35457 | Spider:1 | Reached skill level 16 in Invocations
 36824 | Spider:1 | Reached skill level 12 in Fighting
 37735 | Spider:2 | Reached skill level 10 in Throwing
 39396 | Spider:2 | Reached skill level 7 in Dodging
 39618 | Spider:2 | Reached XP level 17. HP: 103/153 MP: 29/29
 40193 | Spider:2 | HP: 14/156 [tarantella (9)]
 41083 | Spider:3 | Identified the +7 spear of Xegoenisyh {vorpal, Str-3 Int+5}
 41122 | Spider:3 | Reached skill level 17 in Invocations
 41675 | Spider:4 | Entered Level 4 of the Spider Nest
 41857 | Spider:3 | Reached skill level 11 in Throwing
 43057 | Spider:4 | Noticed Agnes
 43262 | Spider:4 | Killed Agnes
 44811 | Spider:4 | Identified the +9 war axe of Wanon {freeze, rElec rPois
                  | Will+ Str+2}
 45184 | Spider:4 | Reached skill level 1 in Axes
 45842 | Spider:4 | Reached skill level 2 in Axes
 46595 | Spider:4 | HP: 13/158 [something (12)]
 46595 | Spider:4 | HP: 6/158 [something (7)]
 46595 | Spider:4 | Slain by a ghost moth

Vanquished Creatures
  Jorgrun (D:15)
  Rupert (Lair:4)
  Agnes (Spider:4)
  4 emperor scorpions (Spider:1 Spider:2 Spider:3 Spider:4)
  5 ghost moths (Spider:1 Spider:4)
  A broodmother (Spider:4)
  A very ugly thing (D:15)
  Nessos (Orc:2)
  2 dire elephants (Spider:2)
  2 minotaurs (D:11)
  6 spark wasps (Spider:1 Spider:2 Spider:3 Spider:4)
  2 ettins (Orc:1 Orc:2)
  A great orb of eyes (Lair:1)
  An entropy weaver (shapeshifter) (D:14)
  5 entropy weavers (Spider:2 Spider:3)
  7 hydras (Lair:2 Lair:4 Lair:5 D:15)
  5 centaur warriors (D:13 D:14 D:15)
  2 jorogumos (Spider:3)
  A catoblepas (Lair:5)
  4 ogre magi (Orc:2)
  6 radroaches (Spider:1 Spider:2 Spider:4)
  17 two-headed ogres (D:9 D:11 D:12 Orc:2 Orc:1)
  5 boulder beetles (D:12 Lair:4 D:13 D:15 Spider:3)
  The ghost of Zuagil the Destroyer, a journeyman DrCj of Sif Muna (Lair:1)
  Erica (D:9)
  16 death yaks (D:11 Lair:1 Lair:4 Lair:3 Lair:5)
  A deep elf knight (Spider:2)
  A sun moth (Spider:4)
  4 pharaoh ants (Spider:2 Spider:4 Spider:3)
  2 bog bodies (IceCv)
  5 skeletal warriors (D:14 D:13)
  12 orb spiders (Spider:1 Spider:2 Spider:3 Spider:4)
  A glowing orange brain (D:15)
  A lindwurm (Lair:3)
  6 steelbarb worms (Spider:2 Spider:1 Spider:3)
  A wizard (D:14)
  A deep elf archer (Spider:2)
  An orc knight (Orc:1)
  14 ugly things (IceCv D:15)
  25 wolf spiders (Lair:4 Lair:5 D:15 Spider:1 Spider:2)
  A necromancer (Lair:5)
  3 manticores (D:8 D:12)
  2 orc sorcerers (Orc:1 Orc:2)
  4 cyclopes (D:9 D:12 D:14 D:15)
  A merfolk siren (Lair:2)
  A guardian serpent (Lair:5)
  An ice statue (IceCv)
  8 black mambas (Lair:4 Lair:5)
  2 moths of wrath (Spider:2 Spider:4)
  11 elephants (Lair:2 Lair:3)
  Joseph (D:9)
  A gargoyle (D:13)
  6 torpor snails (Lair:1 Lair:5 Spider:2 Spider:3)
  13 cane toads (Lair:1 Lair:2 Lair:3 Lair:4 Lair:5)
  Maggie (D:9)
  2 efreet (D:13 D:14)
  8 komodo dragons (Lair:1 Lair:2 Lair:5)
  7 demonic crawlers (Spider:1 Spider:2 Spider:3 Spider:4)
  9 yaktaurs (D:11)
  5 rime drakes (D:11 Lair:2 Lair:5)
  3 meliai (Spider:3 Spider:4)
  3 polar bears (D:11 Lair:3 Lair:5)
  8 trolls (D:8 D:9 D:10 D:11 D:13)
  15 hornets (Lair:5 Spider:1 Spider:4)
  27 slime creatures (D:12 Lair:1 D:14 D:15)
  31 tarantellas (Spider:1 Spider:2 Spider:3 Spider:4)
  17 blink frogs (Lair:2 Lair:3 Lair:5)
  18 dream sheep (Lair:5)
  31 jumping spiders (Spider:1 Spider:2 Spider:3 Spider:4)
  A shadow (D:10)
  19 culicivoras (Spider:1 Spider:2 Spider:3 Spider:4)
  9 wyverns (Lair:2 Lair:3 Lair:4 Lair:5)
  A vampire (D:10)
  61 yaks (D:11 D:12 Lair:2 Lair:3 Lair:4)
  4 hogs (D:8)
  A wraith (D:12)
  8 basilisks (Lair:1 Lair:2 Lair:3 Lair:4 Lair:5)
  A human (D:8)
  A steam dragon (D:6)
  46 redbacks (Lair:3 Lair:5 Spider:1 Spider:2 Spider:3)
  8 vampire mosquitoes (D:12 D:13)
  5 death yak simulacra (Orc:1 IceCv)
  A hydra simulacrum (IceCv)
  A warg (Orc:1)
  A harpy simulacrum (IceCv)
  2 acid dragons (D:11 D:12)
  27 water moccasins (Lair:2 Lair:1 Lair:3 Lair:4 Lair:5)
  A hell hound (Spider:2)
  23 orc warriors (Bailey D:9 D:11 Orc:1 D:12)
  A swamp drake (D:9)
  A black bear (D:5)
  8 ice beasts (D:7 D:8 D:11)
  28 ogres (D:5 Orc:1 Orc:2)
  21 wolves (D:11 Lair:1 Lair:2 Lair:4 Lair:5)
  A centaur (D:10)
  3 kobold brigands (D:7 D:8)
  A phantom (D:4)
  17 bullfrogs (D:7 D:8 D:9 Lair:1 Lair:2)
  3 gnoll sergeants (D:8 D:10 D:12)
  4 cane toad simulacra (Orc:1 IceCv)
  3 scorpions (D:4 D:5)
  7 two-headed ogre simulacra (IceCv)
  8 wights (D:7 D:10)
  4 jellies (D:5 D:8 Lair:2)
  13 killer bees (D:9 D:8)
  3 elephant simulacra (IceCv)
  2 howler monkeys (D:4 D:7)
  4 electric eels (D:11 Spider:4)
  2 hounds (D:3 D:6)
  13 orc priests (D:3 D:5 D:6 D:9 D:11)
  4 gnoll boudas (D:4 D:6 D:8 Lair:2)
  10 hell rats (Lair:2 Lair:3)
  3 iguanas (D:6 D:7)
  16 orc wizards (D:4 D:9 Orc:1 Orc:2)
  5 troll simulacra (IceCv)
  2 yak simulacra (Lair:5)
  4 spriggan simulacra (Orc:1 IceCv)
  3 polar bear simulacra (Lair:5 Orc:1 IceCv)
  5 wolf simulacra (Lair:5 Orc:1 IceCv)
  40 gnolls (D:4 D:5 D:6 D:7 D:8)
  11 adders (D:2 D:3 D:4 D:5 D:6)
  4 naga simulacra (Orc:1 IceCv)
  2 shadow imps (D:6 D:7)
  9 white imps (D:7 IceCv)
  9 ufetubi (D:4 IceCv)
  6 worms (D:2 D:3 Spider:1)
  4 dart slugs (D:1 D:3 D:5)
  82 orcs (D:3 D:4 D:5 D:6 D:7)
  4 endoplasms (D:1 D:2 D:4)
  3 giant cockroaches (D:1 D:2 D:3)
  10 goblins (D:1 D:2 D:3 Bailey D:8)
  8 hobgoblins (D:1 D:3 Bailey)
  4 jackals (D:1 D:4)
  3 quokkas (D:1 D:2 D:4)
  8 ball pythons (D:1 D:2 D:3 D:4)
  4 bats (D:1 D:2)
  3 frilled lizards (D:1 D:2)
  29 kobolds (D:1 D:3 D:4 D:7 D:8)
  6 rats (D:1 D:2 D:3)
  5 river rat simulacra (Lair:5)
1088 creatures vanquished.

Vanquished Creatures (collateral kills)
  2 emperor scorpions (Spider:4)
  A spark wasp (Spider:4)
  A rakshasa (D:15)
  A death drake (shapeshifter) (D:15)
  3 hornets (Spider:4)
  A slime creature (D:15)
  A tarantella (Spider:4)
  An orc warrior (Orc:2)
11 creatures vanquished.

Vanquished Creatures (others)
  A two-headed ogre (Orc:2)
  An orb spider (Spider:4)
  3 slime creatures (Lair:1 D:15)
  A jumping spider (Spider:1)
  A yak (Lair:2)
  An orc wizard (Orc:1)
  4 bushes (Lair:3 Lair:4 Lair:5)
  60 fungi (Lair:1 Lair:2 Lair:3 Lair:4 Lair:5)
  63 plants (Lair:2 Lair:3 Lair:4 Lair:5)
  5 toadstools (D:1)
140 creatures vanquished.

Grand Total: 1239 creatures vanquished

Table legend: (Time is in decaauts)
 A = Elapsed time spent in this place.
 B = Non-inter-level travel time spent in this place.
 C = Inter-level travel time spent in this place.
 D = Time resting spent in this place.
 E = Time spent auto-exploring this place.
 F = Levels seen in this place.
 G = Mean time per level.
                   A        B        C        D        E       F      G
               +--------+--------+--------+--------+--------+-----+--------+
         Total |  45654 |  42773 |   2881 |  14580 |  17946 |  29 | 1574.3 |
       Dungeon |  19967 |  18562 |   1405 |   3806 |  10361 |  15 | 1331.1 |
        Temple |     47 |     41 |      6 |      0 |      2 |   1 |   47.0 |
          Lair |   8675 |   7895 |    780 |   2018 |   3812 |   5 | 1735.0 |
   Spider Nest |  11959 |  11373 |    586 |   6710 |   2480 |   4 | 2989.8 |
  Orcish Mines |   2718 |   2615 |    103 |    957 |   1046 |   2 | 1359.0 |
        Bailey |    806 |    806 |      0 |    316 |      0 |   1 |  806.0 |
      Ice Cave |   1479 |   1479 |      0 |    772 |    245 |   1 | 1479.0 |
               +--------+--------+--------+--------+--------+-----+--------+

Top non-repeatable levels by time:
    D:11: 3786 daAuts
Spider:3: 3541 daAuts
Spider:2: 3252 daAuts
Spider:1: 3049 daAuts
Spider:4: 2116 daAuts
  Lair:5: 2082 daAuts
  Lair:2: 2030 daAuts
    D:15: 1903 daAuts
   Orc:1: 1611 daAuts
  Lair:1: 1606 daAuts
     D:6: 1521 daAuts
     D:7: 1501 daAuts
  Lair:3: 1498 daAuts
   IceCv: 1479 daAuts
  Lair:4: 1457 daAuts

Table legend:
 A = Non-vault XP
 B = Vault XP
 C = Vault XP percentage of total XP
 D = Non-vault monster count
 E = Vault monster count
 F = Vault count percentage of total count
                 A         B        C        D         E       F
            +---------+---------+-------+---------+---------+-------
      Total |  187667 |   92940 |  33.1 |     751 |     349 |  31.7
            +---------+---------+-------+---------+---------+-------
        D:1 |      43 |       0 |   0.0 |      25 |       0 |   0.0
        D:2 |      37 |       0 |   0.0 |      14 |       0 |   0.0
        D:3 |     182 |       0 |   0.0 |      23 |       0 |   0.0
        D:4 |     423 |       0 |   0.0 |      24 |       0 |   0.0
        D:5 |     614 |       0 |   0.0 |      15 |       0 |   0.0
        D:6 |     379 |      78 |  17.1 |      12 |       3 |  20.0
        D:7 |     947 |       0 |   0.0 |      26 |       0 |   0.0
        D:8 |    1781 |    1230 |  40.9 |      25 |      21 |  45.7
        D:9 |    3037 |    2777 |  47.8 |      19 |      21 |  52.5
       D:10 |    1231 |       0 |   0.0 |      13 |       0 |   0.0
       D:11 |    2179 |   12042 |  84.7 |      11 |      43 |  79.6
       D:12 |    6868 |       0 |   0.0 |      29 |       0 |   0.0
       D:13 |    6646 |       0 |   0.0 |      15 |       0 |   0.0
       D:14 |    9271 |     967 |   9.4 |      23 |       2 |   8.0
       D:15 |   11416 |    7404 |  39.3 |      22 |      10 |  31.2
     Lair:1 |    4693 |    1746 |  27.1 |      15 |       2 |  11.8
     Lair:2 |   13690 |    1224 |   8.2 |      55 |       7 |  11.3
     Lair:3 |   10604 |     558 |   5.0 |      42 |       3 |   6.7
     Lair:4 |    9014 |    4368 |  32.6 |      23 |      12 |  34.3
     Lair:5 |   20660 |   10233 |  33.1 |      60 |      47 |  43.9
   Spider:1 |   14245 |    3422 |  19.4 |      35 |      16 |  31.4
   Spider:2 |   24284 |    3466 |  12.5 |      61 |       5 |   7.6
   Spider:3 |   22585 |     487 |   2.1 |      57 |       2 |   3.4
   Spider:4 |   16164 |   19528 |  54.7 |      32 |      35 |  52.2
      Orc:1 |    4655 |    1746 |  27.3 |      57 |      12 |  17.4
      Orc:2 |    2019 |   16050 |  88.8 |      18 |      36 |  66.7
     Bailey |       0 |     760 | 100.0 |       0 |      22 | 100.0
      IceCv |       0 |    4854 | 100.0 |       0 |      50 | 100.0
            +---------+---------+-------+---------+---------+-------
